 Dungeon Crawl Stone Soup version 0.28.0-53-g5a82cb258f (webtiles) character file.

Game seed: 3782378760399730836

66 Bruhh the Skirmisher (level 4, -4/49 HPs)
             Began as an Ogre Gladiator on May 24, 2022.
             Was an Initiate of Makhleb.
             Slain by a centaur (6 damage)
             ... on level 3 of the Dungeon.
             The game lasted 00:02:05 (2579 turns).

Bruhh the Skirmisher (Ogre Gladiator)               Turns: 2579, Time: 00:02:06

Health: -4/49      AC:  5    Str: 20    XL:     4   Next: 15%
Magic:  4/4        EV: 10    Int:  9    God:    Makhleb [......]
Gold:   94         SH:  0    Dex: 16    Spells: 3/3 levels left

rFire   + + .      SeeInvis .   a - +0 flail
rCold   . . .      Faith    .   (no shield)
rNeg    . . .      Spirit   .   b - +0 robe
rPois   .          Reflect  .   c - +0 hat
rElec   .          Harm     .   (no cloak)
rCorr   .          Rampage  .   (gloves unavailable)
Will    .....                   (boots unavailable)
Stlth   +.........              (no amulet)
HPRegen 0.16/turn               e - +6 ring of dexterity
MPRegen 0.09/turn               (no ring)

@: attractive
A: large, unfitting armour, tough skin 1, iridescent scales 1, fire resistance 2
a: Renounce Religion


You were on level 3 of the Dungeon.
You worshipped Makhleb.
Makhleb was noncommittal.
You visited 1 branch of the dungeon, and saw 3 of its levels.

You collected 94 gold pieces.

Inventory:

Hand Weapons
 a - a +0 flail (weapon)
Missiles
 d - 2 throwing nets (quivered)
Armour
 b - a +0 robe (worn)
 c - a +0 hat (worn)
Jewellery
 e - a +6 ring of dexterity (left hand)
 p - a ring of protection from fire
Scrolls
 g - 2 scrolls of identify {unknown}
 i - 2 scrolls of enchant weapon {unknown}
 j - a scroll of fog {unknown}
 l - 3 scrolls of amnesia {unknown}
 m - 2 scrolls of blinking {unknown}
 n - a scroll of holy word {unknown}
Potions
 h - a potion of haste


   Skills:
 + Level 4.4 Fighting
 + Level 3.6 Maces & Flails
 - Level 2.0 Throwing
 - Level 2.6 Dodging


You had 3 spell levels left.
You didn't know any spells.
Your spell library was empty.

Dungeon Overview and Level Annotations

Branches:
Dungeon (3/15)

Altars:
Makhleb


Innate Abilities, Weirdness & Mutations

You are too large for most types of armour.
You have tough skin. (AC +1)
You are partially covered in iridescent scales. (AC +2)
Your flesh is very heat resistant. (rF++)


Message History

The centaur hits you.
* * * LOW HITPOINT WARNING * * *
The centaur kicks you.
* * * LOW HITPOINT WARNING * * *
It was a potion of haste.
You feel yourself speed up. The centaur hits you.
* * * LOW HITPOINT WARNING * * *
The centaur barely misses you.
The centaur hits you but does no damage.
The centaur closely misses you.
It was a potion of cancellation.
Your magical effects are unravelling.
You feel magically purged.
You feel yourself slow down.
It was a potion of mutation.
You feel extremely strange.
You feel resistant to heat.
You feel more resistant to heat.
Iridescent scales grow over part of your body.
The centaur hits you but does no damage.
The centaur kicks you.
* * * LOW HITPOINT WARNING * * *
The centaur hits you.
* * * LOW HITPOINT WARNING * * *
The centaur barely misses you.
It was a potion of attraction.
You feel attractive to monsters. The centaur barely misses you.
The centaur closely misses you.
You hit the centaur but do no damage. Your punch misses the centaur.
The centaur hits you but does no damage.
The centaur kicks you but does no damage.
The centaur closely misses you. The centaur misses you.
You hit the centaur.
The centaur is lightly wounded.
The centaur barely misses you. x2; The centaur closely misses you.
The centaur kicks you.
* * * LOW HITPOINT WARNING * * *
You hit the centaur but do no damage.
The centaur is lightly wounded.
The centaur barely misses you.
The centaur kicks you but does no damage.
The centaur hits you.
You die...

.######## .##
......... ..
.......# ..#
.##.#.#.# ..##.
...............
.##.....#....#
.......c.....#
#@# ...# #.
#.##...####
#...#..........
#......?.......
......##.######
###.#.#...+ #
.....#..### ##
......###..#
##. ......
#..### ##.#


You could see a centaur.

Vanquished Creatures
  3 adders
  2 worms
  3 ball pythons
  4 bats
  5 endoplasms
  2 giant cockroaches
  3 goblins
  A hobgoblin (D:1)
  2 kobolds (D:1)
  2 quokkas
  2 frilled lizards (D:2)
  4 rats
33 creatures vanquished.

Vanquished Creatures (others)
  A plant (D:3)
1 creature vanquished.

Grand Total: 34 creatures vanquished

Notes
Turn   | Place    | Note
-------+----------+-------------------------------------------
     0 | D:1      | Bruhh the Ogre Gladiator began the quest for the Orb.
     0 | D:1      | Reached XP level 1. HP: 22/22 MP: 1/1
   230 | D:1      | Found a faded altar of an unknown god.
   263 | D:1      | Reached skill level 3 in Fighting
   354 | D:1      | Reached XP level 2. HP: 23/31 MP: 2/2
  1203 | D:2      | Found a burning altar of Makhleb.
  1228 | D:2      | Became a worshipper of Makhleb the Destroyer
  1353 | D:2      | Reached XP level 3. HP: 16/39 MP: 3/3
  1690 | D:2      | Reached skill level 4 in Fighting
  2113 | D:3      | Reached XP level 4. HP: 24/49 MP: 4/4
  2566 | D:3      | Noticed a centaur
  2575 | D:3      | Gained mutation: Your flesh is heat resistant. (rF+)
                  | [potion of mutation]
  2575 | D:3      | Gained mutation: Your flesh is very heat resistant. (rF++)
                  | [potion of mutation]
  2575 | D:3      | Gained mutation: You are partially covered in iridescent
                  | scales. (AC +2) [potion of mutation]
  2578 | D:3      | HP: 2/49 [centaur (2)]
  2579 | D:3      | Slain by a centaur

Illustrated notes

Levels and vault maps discovered:
D:1:      minmay_arrival_open_corners, layout_basic, serial_bayou,
          serial_bayou_shore_a, serial_bayou_pond_a, serial_bayou_pond_e,
          serial_bayou_shore_b, shapermc_ecumenical_altar_starsandcircs,
          corexii_corridor_pit, chequers_mini_garden
D:2:      layout_rooms, basic_altar
D:3:      minmay_razor_zed, layout_basic, mainiacjoe_overflow_tiny_flanked,
          chei_slow_surprise, gup_sewer_entry_pipe, corexii_shack,
          chequers_serial_rivers_micro_d, minmay_ogre_servants

Skill      XL: |  1  2  3 |
---------------+----------+-----
Fighting       | 3 4 |  4.4
Maces & Flails | 3 |  3.6
Throwing       | |  2.0
Dodging        | |  2.6

Action                   |  1- 3 |  4- 6 || total
-------------------------+-------+-------++-------
Melee: Flail             |    94 |    19 ||   113
Throw: Throwing net      |     1 |       ||     1
  Use: Potion            |       |     4 ||     4
 Stab: Sleeping          |     2 |       ||     2
Armor: Robe              |    37 |     7 ||    44
Dodge: Dodged            |    71 |    22 ||    93
